[Event "10th Menchik Memorial 2025"]
[Site "London"]
[Date "2025.03.24"]
[Round "9.1"]
[White "Sliwicka, Alicja"]
[Black "Yao, Lan"]
[Result "1-0"]
[Annotator "TA"]
[ECO "B33"]
[WhiteElo "2342"]
[BlackElo "2294"]
[PlyCount "115"]
[EventDate "2025.03.11"]
[EventType "tourn"]
[EventCountry "ENG"]
[SourceTitle "playchess.com"]
[Source "ChessBase"]
[SourceQuality "1"]
[TimeControl "5400+30"]

1. e4 c5 2. Nf3 Nc6 3. d4 cxd4 4. Nxd4 e5 5. Nb5 d6 6. N1c3 a6 7. Na3 Be7 8. Be3 Be6 9. Nc4 b5 10. Nb6 Rb8 11. Nbd5 Nf6 12. a4 {[%emt 0:05:34] B33: Sicilian: Pelikan and Sveshnikov Variations.} b4 (12... bxa4 $1 $14 13. Bxa6 (13. Rxa4 Rxb2 14. Bxa6 Bxd5 $14) 13... O-O) 13. Nxf6+ $16 Bxf6 14. Nd5 {[%emt 0:00:09] White is better.} Bxd5 15. exd5 Nd4 $146 (15... Na5 16. Bxa6 O-O 17. O-O Bg5 18. Bxg5 Qxg5 19. Qe1 Qd8 20. Bb5 b3 21. Qd1 bxc2 22. Qxc2 {1-0 Antolak,J (2212)-Chan,N (1909) EU-ch (Women) 19th 2018 (6)}) 16. Bxd4 exd4 17. Bxa6 {[%emt 0:01:53][%csl Ob4,Od4,Od6][%cal Bf1a6,Ba6b5,Bb5c6][%mdl 32] Black has weak pawns} O-O 18. O-O d3 19. Qxd3 Bxb2 20. Rae1 Re8 21. Bb5 Re7 22. Bc6 Bc3 {[%emt 0:03:27] Black is weak on the light squares} 23. Rxe7 Qxe7 24. a5 Qa7 25. a6 Bd4 26. g3 Bc5 (26... g6 $16 27. Kg2 h5) 27. Kg2 Qe7 28. Rb1 Rf8 29. Rd1 {[%emt 0:07:35][%cal Bb1d1,Bd1d2,Bd2e2,Be2e8][%mdl 32] White is more active.} Qf6 (29... f5 $16 30. f3 g6) 30. Rd2 g6 31. Re2 Kg7 32. h4 h5 33. Qf3 Rc8 34. Qxf6+ Kxf6 $18 {[%emt 0:00:03][%mdl 4096] Endgame KRB-KRB. White is a pawn up.} 35. Bb7 Rc7 36. Re8 Ba7 37. Bc6 Re7 38. Ra8 Bc5 39. Kf1 {[%emt 0:05:28] Prevents Re2.} Ra7 40. Rxa7 Bxa7 {[%emt 0:00:02] KB-KB. White is a pawn up.} 41. f3 Ke7 42. Ke2 (42. g4 $18) 42... Kd8 (42... f5 $16 43. Bb5 Bc5) 43. Kd3 Bf2 $2 {[%emt 0:01:54] [#] Black cannot hold the game after this.} (43... f5 $16 {was called for.} 44. Kc4 Bc5) 44. Ke4 Ke7 (44... Kc7 $142 45. f4 Kd8) 45. Kf4 Kf6 46. Bb5 Kg7 47. Be2 $2 {[%emt 0:00:49] [#]} (47. g4 {Black must now prevent gxh5.} hxg4 48. fxg4) 47... Kf6 $2 (47... f5 48. g4 hxg4) 48. g4 Bc5 $2 (48... hxg4 49. fxg4 Ke7) 49. gxh5 {[%emt 0:00:06] White is clearly winning.} gxh5 50. Ke4 Bf2 51. f4 Kg6 52. f5+ Kh6 53. Kd3 Bc5 54. Kc4 Kg7 55. Bxh5 Kf6 56. Bg4 Ke5 57. h5 Kf6 58. h6 {[%emt 0:00:18] Weighted Error Value: White=0.13 (very precise) /Black=0.61  Loses game:     	---       	Black=1      Mistake:       	White=2     	Black=7      Inaccurate:     	White=1     	Black=2      OK:         	White=15    	Black=6      Best:        	White=6     	Black=2} 1-0

[Event "10th Menchik Memorial 2025"]
[Site "London"]
[Date "2025.03.24"]
[Round "9.2"]
[White "Hunt, Harriet V"]
[Black "Zimina, Olga"]
[Result "1/2-1/2"]
[Annotator "NA RC"]
[ECO "C65"]
[WhiteElo "2296"]
[BlackElo "2293"]
[PlyCount "77"]
[EventDate "2025.03.11"]
[EventType "tourn"]
[EventCountry "ENG"]
[SourceTitle "playchess.com"]
[Source "ChessBase"]
[SourceQuality "1"]
[TimeControl "5400+30"]

1. e4 e5 2. Nf3 Nc6 3. Bb5 Nf6 4. d3 Bc5 5. O-O Nd4 6. Nxd4 Bxd4 7. c3 {[%emt 0:00:19] C65: Ruy Lopez: Berlin Defence (3...Nf6), unusual lines and 4 0-0 Bc5.} Bb6 8. Na3 {[%emt 0:00:36] 8.Ba4 is the modern continuation.} c6 9. Ba4 d6 10. Nc4 Bc7 11. Bb3 a5 12. Ne3 (12. a4 $11 {is more appropriate.}) 12... O-O 13. Qf3 a4 14. Bc2 d5 15. h3 $146 {[%emt 0:13:44] [#]} ({Predecessor:} 15. Nf5 Bxf5 16. Qxf5 Qd7 17. Qf3 Qg4 18. Qe3 Rfd8 19. h3 Qe6 20. Qg3 Rd7 21. Re1 {0-1 Nakamura,H (2736)-So,W (2770) Chess.com Speed blitz 2020 (3.13)}) 15... a3 16. bxa3 dxe4 (16... b5 $11 {is superior.}) 17. dxe4 Qe7 18. a4 Qc5 19. Nd1 Nd7 20. Bb3 Qe7 21. Ne3 Nb6 22. Nf5 Bxf5 23. Qxf5 Nxa4 24. Bg5 (24. Rd1 $1 $14 Nc5 25. Bg5) 24... Qe8 $1 25. Rad1 Nc5 {[%emt 0:02:28] [#]} (25... Nxc3 $11 26. Rd2 (26. Rd7 Ne2+ 27. Kh1 Nd4 $17) 26... Bb6) 26. Be3 (26. Qg4 $1 $16) 26... Nxb3 27. axb3 f6 $1 28. Bc5 Rf7 29. Ra1 Rd8 30. Ra7 Bb8 31. Ra8 Bc7 32. Rxd8 Qxd8 $14 33. Ra1 g6 34. Qg4 Bb6 35. Bxb6 Qxb6 36. Ra8+ Kg7 37. Qe6 Qc5 38. Qe8 Qf8 39. Qxf8+ 1/2-1/2

[Event "10th Menchik Memorial 2025"]
[Site "London"]
[Date "2025.03.24"]
[Round "9.3"]
[White "Schulze, Lara"]
[Black "Toma, Katarzyna"]
[Result "1-0"]
[Annotator "TA"]
[ECO "B40"]
[WhiteElo "2313"]
[BlackElo "2177"]
[PlyCount "87"]
[EventDate "2025.03.11"]
[EventType "tourn"]
[EventCountry "ENG"]
[SourceTitle "playchess.com"]
[Source "ChessBase"]
[SourceQuality "1"]
[TimeControl "5400+30"]

1. e4 c5 2. Nf3 e6 3. b3 Nc6 4. Bb2 a6 5. c4 Nf6 6. e5 {[%emt 0:01:57] B40: Sicilian: 2...e6, Unusual lines.} Ng4 7. h3 Nh6 8. Nc3 {[%emt 0:02:10] The position is equal.} d6 9. exd6 (9. d4 cxd4 10. Nxd4 Nxe5 11. g3) 9... Nf5 (9... e5 $15) 10. Bd3 $11 Nfd4 (10... Bxd6 11. Bxf5 exf5 12. O-O O-O) 11. Ne4 Bxd6 (11... Nxf3+ {is interesting.} 12. Qxf3 f5 13. Nxc5 Qxd6 14. b4 Nxb4 15. a3 Nc6) 12. Nxd4 $146 (12. Nxd6+ Qxd6 13. O-O O-O 14. Nxd4 Nxd4 15. Rc1 b6 16. Be4 Ra7 17. g3 Bb7 18. d3 Bxe4 19. dxe4 {0-1 Boswell,J (2214)-Czopor,M (2409) Isle of Wight op 2025 (3)}) 12... Nxd4 13. Bxd4 cxd4 14. Nxd6+ Qxd6 15. Qh5 Bd7 16. O-O Rc8 17. Rfe1 (17. Bxh7 $2 Rc5 18. Qh4 g6 $19) 17... h6 18. Qg4 Kf8 19. Rac1 a5 20. Qf3 b6 21. Qb7 g6 22. f4 Kg7 (22... g5 $15) 23. Qf3 Rhd8 24. Re5 Qa3 25. Ra1 a4 26. bxa4 Bxa4 27. h4 h5 28. Qe2 (28. Rf1 $11 {keeps the balance.}) 28... Qd6 (28... Bc2 {simplifies} 29. Bxc2 d3 30. Bxd3 Qxd3 31. Qxd3 Rxd3 32. c5 bxc5 33. Rc1 Rxd2 34. Rexc5 Rxc5 35. Rxc5 Rxa2 36. Kh2 Ra3) 29. Rf1 {[%emt 0:01:53] [#]} Bd7 ({Black should try} 29... Bc2 $1 $17) 30. Rg5 Rh8 31. Qe4 Bc6 $2 {[%emt 0:02:59] [#]} (31... f5 $11 {and Black stays safe.} 32. Qf3 Ra8) 32. Rxg6+ $1 $18 fxg6 $2 (32... Kf8 {is more resistant.} 33. Qe5 Qxe5 34. fxe5 Ke7) 33. Qxg6+ Kf8 34. Qf6+ Kg8 35. Qg6+ Kf8 36. f5 Qe5 {[%emt 0:01:26] Strongly threatening ...Rg8.} 37. fxe6+ Ke7 38. Rf7+ Kd6 39. e7+ Kc5 40. Rf5 Qxf5 41. Qxf5+ Kb4 42. Qe5 Rhg8 43. Be4 {[%emt 0:01:32] Threatens to win with Qd6+.} Bxe4 44. Qb5+ {[%emt 0:00:11] Weighted Error Value: White=0.34/Black=0.96  Loses game:     	---       	Black=2      Mistake:       	White=2     	Black=4      Inaccurate:     	White=3     	Black=2      OK:         	White=12    	Black=11     Best:        	White=1     	Black=1      Strong:       	White=1     	---} 1-0

[Event "10th Menchik Memorial 2025"]
[Site "London"]
[Date "2025.03.24"]
[Round "9.4"]
[White "Unuk, Laura"]
[Black "Navrotescu, Andreea"]
[Result "1/2-1/2"]
[Annotator "TA"]
[ECO "D02"]
[WhiteElo "2301"]
[BlackElo "2288"]
[PlyCount "60"]
[EventDate "2025.03.11"]
[EventType "tourn"]
[EventCountry "ENG"]
[SourceTitle "playchess.com"]
[Source "ChessBase"]
[SourceQuality "1"]
[TimeControl "5400+30"]

1. d4 Nf6 2. Bf4 d5 3. e3 e6 4. Nf3 c5 5. Nbd2 Bd6 6. Ne5 O-O 7. c3 {[%emt 0:00:20] D02: 1 d4 d5 2 Nf3 sidelines, including 2...Nf6 3 g3 and 2...Nf6 3 Bf4.} Qc7 8. Bd3 Nbd7 9. Ndf3 b6 10. O-O Bb7 11. Rc1 Rad8 $146 ({Predecessor:} 11... c4 12. Bb1 b5 13. Re1 a5 14. Nxd7 Qxd7 15. Ne5 Qc7 16. Qf3 Ne4 17. Bxe4 dxe4 {1-0 Rosen,E (2361)-Gabrielian,A (2442) Titled Tuesday intern op 16th Jan Early blitz 2024 (9)}) 12. Nxd7 Nxd7 13. Bg3 Bxg3 14. hxg3 e5 {[%emt 0:12:15] The position is equal.} 15. Nxe5 Nxe5 16. dxe5 Qxe5 17. Qf3 Rd7 18. Rfd1 Rfd8 19. Qf5 Qxf5 {[%emt 0:00:12] Successful Defense Black} 20. Bxf5 Rd6 21. Bg4 g6 22. Rd2 d4 23. cxd4 cxd4 24. Rc7 Bc6 25. Rxd4 Rxd4 26. exd4 Rxd4 $11 {[%emt 0:00:07] KRB-KRB} 27. Be2 Bd5 28. Rxa7 Rd2 29. Bf3 Bxf3 30. gxf3 Rxb2 {[%emt 0:00:06] An uneventful encounter.   Weighted Error Value: White=0.04 (flawless) /Black=0.06 (flawless)   OK:         	White=9     	Black=8      Best:        	---       	Black=3} 1/2-1/2

[Event "10th Menchik Memorial 2025"]
[Site "London"]
[Date "2025.03.24"]
[Round "9.5"]
[White "Mirzoeva, Elmira"]
[Black "Van Foreest, Machteld"]
[Result "0-1"]
[Annotator "TA"]
[ECO "D37"]
[WhiteElo "2272"]
[BlackElo "2352"]
[PlyCount "64"]
[EventDate "2025.03.11"]
[EventType "tourn"]
[EventCountry "ENG"]
[SourceTitle "playchess.com"]
[Source "ChessBase"]
[SourceQuality "1"]
[TimeControl "5400+30"]

1. d4 Nf6 2. c4 e6 3. Nf3 d5 4. a3 Be7 5. Bf4 O-O 6. e3 c6 7. Nc3 b6 {[%emt 0:00:39] D37: Queen's Gambit Declined: 5 Bf4.} 8. Qc2 Bb7 9. cxd5 Nxd5 {[%emt 0:07:52] The position is equal.} 10. Nxd5 cxd5 11. Bd3 h6 12. Ne5 Qc8 $146 (12... Bd6 $14) (12... Bd6 13. Rc1 Bxe5 14. Bxe5 Nc6 15. Bg3 Rc8 16. Qb1 Na5 17. O-O Qd7 18. b3 Bc6 {½-½ Shankland,S (2671)-Panchanathan,M (2475) US Masters op 2017 (3)}) 13. Qd2 (13. Rc1 $16) 13... Ba6 14. Rc1 Qb7 {[%emt 0:14:29] [#] A sharp opening} (14... Qe8 $142) 15. Ng6 $1 $16 Bxd3 (15... fxg6 16. Rc7 $18) 16. Nxf8 (16. Qxd3 $18 fxg6 17. Rc7) 16... Bc4 $1 $15 17. Nxe6 fxe6 18. Qc2 (18. b3 $142 Bxa3 (18... Bxb3 $2 19. Rc7 $16) 19. bxc4 (19. Ra1 Qe7 $16) 19... Bxc1 20. Qxc1) 18... Nd7 19. f3 Bh4+ ({Black should try} 19... Qa6 $17 20. b3 Qa5+ 21. Kf2 Bb5) 20. g3 Bf6 21. b3 Ba6 {[%emt 0:00:09] ...e5 would now be deadly.} 22. Qg6 ({Better is} 22. Bd6 $1 $15) 22... Nf8 $19 23. Qg4 (23. Qc2) 23... Rc8 24. Kd2 Kh8 $2 (24... Qe7 $19 25. Rxc8 Bxc8) 25. Bd6 $17 Rxc1 (25... Qd7 $17 26. Rxc8 Qxd6 (26... Qxc8 27. Rc1 $11)) 26. Rxc1 $11 Qd7 $36 {[%emt 0:00:19][%mdl 2048] Black has good play. The board is on fire.} 27. Bxf8 {[%emt 0:00:00] a4 would now be deadly.} Qb5 {[%emt 0:00:01] ( -> ...Qd3+)} 28. Kc3 {[%emt 0:00:40][%mdl 8192] [#]} (28. Qxe6 $2 Qd3+ 29. Ke1 Qe2#) (28. Rc3 $11) 28... Qd3+ $1 $19 29. Kb2 Qxe3 30. Rc2 Bxd4+ 31. Ka2 Bd3 {[%emt 0:02:03] A strong pair of Bishops.} 32. Rg2 {[%emt 0:00:59] [#]} Qc1 $1 {[%emt 0:00:42] Quite a comeback for Black.   Weighted Error Value: White=0.74/Black=0.35  Loses game:     	White=1     	---        Missed win:     	White=1     	Black=1      Mistake:       	White=4     	Black=4      Inaccurate:     	---       	Black=2      OK:         	White=8     	Black=6      Best:        	White=2     	---        Strong:       	---       	Black=2      Brilliant:      	White=1     	---} 0-1